 Dungeon Crawl Stone Soup version 0.25.1-8-g42b30a86e7 (webtiles) character file.

Game seed: 2932069506629552777

16570 krpopo the Slicer (level 12, -24/79 HPs)
             Began as a Gargoyle Fighter on Dec 19, 2020.
             Was a High Priest of Okawaru.
             Annihilated by a titanic slime creature (71 damage)
             ... on level 14 of the Dungeon.
             The game lasted 00:28:24 (13329 turns).

krpopo the Slicer (Gargoyle Fighter)               Turns: 13329, Time: 00:28:24

Health: -24/79     AC: 31    Str: 24    XL:     12   Next: 38%
Magic:  12/12      EV:  4    Int:  9    God:    Okawaru [*****.]
Gold:   833        SH: 15    Dex: 16    Spells: 11/11 levels left

rFire    . . .     SeeInvis .   x - +3 flail (protect)
rCold    . . .     Gourm    .   c - +0 kite shield
rNeg     + . .     Faith    .   z - +0 plate armour
rPois    ∞         Spirit   .   G - +0 helmet
rElec    +         Reflect  +   r - +0 cloak
rCorr    +         Harm     .   (no gloves)
MR       .....                  T - +1 pair of boots
Stlth    ..........             v - amulet of reflection
HPRegen  0.23/turn              o - +6 ring of dexterity
MPRegen  0.13/turn              U - ring of resist corrosion

@: protection aura
A: negative energy resistance 1, electricity resistance, unbreathing,
petrification resistance, rot immunity, AC +8
a: Heroism, Finesse, Renounce Religion


You were on level 14 of the Dungeon.
You worshipped Okawaru.
Okawaru was extremely pleased with you.
You were not hungry.

You visited 3 branches of the dungeon, and saw 16 of its levels.

You collected 833 gold pieces.

Inventory:

Hand Weapons
 i - a +5 arbalest of flaming
 j - a +0 dire flail
 u - a +2 flail of holy wrath
 x - a +3 flail of protection (weapon)
 K - the +7 rapier of the Elven Halls {venom, rF+ rN+}
   (You found it on level 5 of the Dungeon)

   It poisons the flesh of those it strikes.
   It protects you from fire.
   It protects you from negative energy.
Missiles
 e - 44 bolts
 E - 31 poisoned darts (quivered)
Armour
 c - a +0 kite shield (worn)
 r - a +0 cloak (worn)
 z - a +0 plate armour (worn)
 D - a +1 chain mail of magic resistance
 G - a +0 helmet (worn)
 T - a +1 pair of boots (worn)
 Z - the +3 chain mail of the Elephant {Int+4 Slay-4 Stlth+}
   (You found it on level 8 of the Dungeon)

   It affects your intelligence (+4).
   It affects your accuracy and damage with ranged weapons and melee attacks
   (-4).
   It makes you more stealthy.
Jewellery
 l - an uncursed ring of fire
 o - a +6 ring of dexterity (left hand)
 v - an amulet of reflection (around neck)
 y - an uncursed ring of flight
 A - an uncursed ring of see invisible
 M - the ring "Eruynwo" {rPois Stlth+}
   (You found it on level 6 of the Dungeon)

   [ring of poison resistance]

   It protects you from poison.
   It makes you more stealthy.
 U - a ring of resist corrosion (right hand)
Wands
 a - a wand of flame (21)
 b - a wand of clouds (5)
 h - a wand of acid (7)
 s - a wand of digging (4)
 w - a wand of polymorph (16)
 J - a wand of paralysis (10)
 X - a wand of enslavement (9)
Scrolls
 d - a scroll of enchant armour
 g - 7 scrolls of amnesia
 n - a scroll of enchant weapon
 t - 14 scrolls of remove curse
 H - 5 scrolls of teleportation
 O - a scroll of fog {unknown}
 P - 3 scrolls of blinking
 R - 2 scrolls of vulnerability {unknown}
 S - 2 scrolls of holy word {unknown}
 V - a scroll of summoning {unknown}
 W - 2 scrolls of immolation {unknown}
 Y - a scroll of random uselessness {unknown}
Potions
 m - a potion of mutation {unknown}
 p - 2 potions of berserk rage {unknown}
 q - 6 potions of curing
 B - 4 potions of lignification
 C - a potion of stabbing {unknown}
 F - a potion of magic
 I - a potion of cancellation {unknown}
 L - 2 potions of brilliance {unknown}
 N - 3 potions of heal wounds
 Q - 2 potions of degeneration {unknown}
Comestibles
 f - 27 rations
 k - 3 chunks of flesh


   Skills:
 + Level 10.6 Fighting
 - Level 14.0 Short Blades
 * Level 8.1 Maces & Flails
 + Level 3.2 Armour
 - Level 3.2 Shields
 + Level 0.3 Invocations


You had 11 spell levels left.
You didn't know any spells.
Your spell library contained the following spells:

 Spells                   Type           Power        Failure   Level  Hunger
 Sandblast                Erth           #.....       100%        1    ##.....
 Passwall                 Tmut/Erth      #.......     100%        2    ###....
 Stone Arrow              Conj/Erth      #.....       100%        3    ####...
 Petrify                  Tmut/Erth      #.......     100%        4    #####..
 Lee's Rapid Deconstruct  Erth           #.........   100%        5    ######.


Dungeon Overview and Level Annotations

Branches:
Dungeon (14/15)            Temple (1/1) D:5            Lair (1/6) D:10
    Orc (0/2) D:11
 Vaults: D:13-14

Altars:
Dithmenos
Hepliaklqana
Makhleb
Nemelex Xobeh
Okawaru
Qazlal
Vehumet
Wu Jian
Xom
Yredelemnul
The Shining One

Shops:
D:7 **   D:13 *

Portals:
Abyss: D:7


Innate Abilities, Weirdness & Mutations

You are resistant to torment.
Your stone body is resilient. (AC +8)
You are immune to poison.
You resist negative energy. (rN+)
You are resistant to electric shocks. (rElec)
You can survive without breathing.
You are immune to petrification.
You are immune to rotting.


Message History

A slime creature comes into view.
You hit the large slime creature.
The large slime creature is moderately wounded.
The large slime creature hits you!!
Two slime creatures merge to form a very large slime creature.
You hit the very large slime creature.
The very large slime creature is lightly wounded.
A slime creature comes into view.
You sock the very large slime creature!
The very large slime creature is moderately wounded.
Two slime creatures merge to form an enormous slime creature.
A slime creature comes into view.
You hit the enormous slime creature.
The enormous slime creature is moderately wounded.
Two slime creatures merge to form a titanic slime creature.
You thump the titanic slime creature!
The titanic slime creature is moderately wounded.
The titanic slime creature hits you!!!
Ouch! That really hurt!
You die... ####.########## ......J@...<..# ####..#######.# ## #

You could see a titanic slime creature.

Vanquished Creatures
  A hydra (D:11)
  A centaur warrior (D:12)
  3 two-headed ogres
  The ghost of SpoonFarmer the Carver, a novice MiFi (D:7)
  3 ugly things
  A cyclops (D:11)
  A gargoyle (D:10)
  4 trolls
  2 hippogriffs
  2 shadows
  2 wyverns
  7 yaks
  4 vampire mosquitoes (D:12)
  2 acid dragons
  3 water moccasins
  A soldier ant (D:13)
  2 wargs (D:10)
  8 orc warriors
  3 ice beasts
  2 phantoms
  A sky beast (D:6)
  4 necrophages
  6 centaurs
  6 ogres
  7 big kobolds
  9 bullfrogs
  3 gnoll sergeants (D:11)
  A wyvern zombie (D:13)
  2 scorpions
  4 killer bees (D:11)
  5 wights (D:9)
  A howler monkey (D:9)
  8 crimson imps
  2 quasits
  10 hounds
  4 jellies
  A gnoll shaman (D:6)
  A bullfrog skeleton (D:5)
  2 centaur skeletons
  4 iguanas
  8 orc priests
  18 orc wizards
  Ijyb (D:3)
  10 worker ants
  10 gnolls
  11 adders
  4 shadow imps
  2 ufetubi (D:7)
  5 oozes (D:10)
  3 adder zombies
  2 adder skeletons (D:4)
  4 worms
  3 dart slugs
  6 leopard geckos
  65 orcs
  2 ball pythons
  6 giant cockroaches
  4 hobgoblins
  15 jackals
  5 quokkas
  11 bats
  5 frilled lizards
  10 goblins
  17 kobolds
  4 rats
365 creatures vanquished.

Vanquished Creatures (others)
  2 jackals (D:2)
  A plant (D:11)
3 creatures vanquished.

Grand Total: 368 creatures vanquished

Notes
Turn   | Place    | Note
-------+----------+-------------------------------------------
     0 | D:1      | krpopo the Gargoyle Fighter began the quest for the Orb.
     0 | D:1      | Reached XP level 1. HP: 14/14 MP: 1/1
   110 | D:1      | Reached XP level 2. HP: 11/19 MP: 2/2
   345 | D:1      | Reached XP level 3. HP: 24/24 MP: 3/3
  1326 | D:2      | Found a basalt altar of Yredelemnul.
  1327 | D:2      | Reached XP level 4. HP: 29/29 MP: 4/4
  1333 | D:2      | Noticed a profane servitor
  1352 | D:2      | Found a glowing golden altar of the Shining One.
  1522 | D:3      | Reached XP level 5. HP: 33/33 MP: 5/5
  1635 | D:3      | Reached skill level 5 in Maces & Flails
  2071 | D:3      | Found a faded altar of an unknown god.
  2188 | D:3      | Noticed Ijyb
  2224 | D:3      | Killed Ijyb
  2485 | D:4      | Reached XP level 6. HP: 38/38 MP: 6/6
  2715 | D:4      | Found a burning altar of Makhleb.
  2748 | D:4      | Reached XP level 7. HP: 44/44 MP: 7/7
  3412 | D:5      | Entered Level 5 of the Dungeon
  3464 | D:5      | Found a sparkling altar of Nemelex Xobeh.
  3537 | D:5      | Found a staircase to the Ecumenical Temple.
  3554 | Temple   | Entered the Ecumenical Temple
  3565 | Temple   | Became a worshipper of Warmaster Okawaru
  3836 | D:5      | Got a fading rapier
  3837 | D:5      | Identified the +7 rapier of the Elven Halls {venom, rF+
                  | rN+} (You found it on level 5 of the Dungeon)
  4189 | D:6      | Reached skill level 1 in Short Blades
  4236 | D:6      | Reached skill level 5 in Fighting
  4237 | D:6      | Reached skill level 2 in Short Blades
  4260 | D:6      | Reached XP level 8. HP: 37/49 MP: 8/8
  4462 | D:6      | Noticed a purple ugly thing
  4466 | D:6      | Reached skill level 3 in Short Blades
  4484 | D:6      | Killed a purple ugly thing
  4484 | D:6      | Reached * piety under Okawaru
  4484 | D:6      | Reached skill level 4 in Short Blades
  4639 | D:6      | Reached skill level 5 in Short Blades
  4813 | D:6      | Got a sparkling glass ring
  4843 | D:6      | Identified the ring "Eruynwo" {rPois Stlth+} (You found it
                  | on level 6 of the Dungeon)
  4856 | D:6      | Reached skill level 6 in Short Blades
  4941 | D:6      | Reached ** piety under Okawaru
  5194 | D:6      | Reached XP level 9. HP: 55/55 MP: 9/9
  5372 | D:6      | Found an ornate altar of the Wu Jian Council.
  5372 | D:6      | Found a stormy altar of Qazlal.
  5451 | D:7      | Found Xoidillecw's General Store.
  5470 | D:7      | Reached skill level 7 in Short Blades
  5658 | D:7      | Reached skill level 8 in Short Blades
  5888 | D:7      | Found a one-way gate to the infinite horrors of the Abyss.
  5888 | D:7      | Noticed SpoonFarmer's ghost (novice MiFi)
  5893 | D:7      | Found a transporter.
  5908 | D:7      | Found a transporter.
  5988 | D:7      | Found Guuc's Serpentskin Sales.
  5996 | D:7      | Reached *** piety under Okawaru
  6072 | D:7      | Killed SpoonFarmer's ghost
  6072 | D:7      | Reached skill level 9 in Short Blades
  6266 | D:7      | Reached XP level 10. HP: 61/61 MP: 10/10
  6825 | D:8      | Noticed a two-headed ogre
  6842 | D:8      | Reached skill level 10 in Short Blades
  6882 | D:8      | Killed a two-headed ogre
  6882 | D:8      | Reached **** piety under Okawaru
  7475 | D:8      | Got a heavily runed chain mail
  7640 | D:8      | Identified the +3 chain mail of the Elephant {Int+4 Slay-4
                  | Stlth+} (You found it on level 8 of the Dungeon)
  7712 | D:9      | Noticed a two-headed ogre
  7721 | D:9      | Killed a two-headed ogre
  7721 | D:9      | Reached skill level 11 in Short Blades
  8249 | D:9      | Reached ***** piety under Okawaru
  8542 | D:9      | Reached XP level 11. HP: 55/68 MP: 11/11
  8544 | D:9      | Reached skill level 12 in Short Blades
  8976 | D:10     | Entered Level 10 of the Dungeon
  9081 | D:10     | Found a staircase to the Lair.
 10131 | Lair:1   | Entered Level 1 of the Lair of Beasts
 10165 | D:11     | Noticed a four-headed hydra
 10347 | D:11     | Reached skill level 13 in Short Blades
 10390 | D:11     | Noticed a green ugly thing
 10392 | D:11     | Killed a four-headed hydra
 10401 | D:11     | Killed a green ugly thing
 10401 | D:11     | Received a gift from Okawaru
 10614 | D:11     | You fall into a shaft and drop 1 floor!
 10719 | D:12     | Noticed a centaur warrior
 10731 | D:12     | Killed a centaur warrior
 10974 | D:12     | Noticed a two-headed ogre
 10992 | D:12     | HP: 2/71 [two-headed ogre/+0 giant club (12)]
 10993 | D:12     | Killed a two-headed ogre
 10993 | D:12     | Received a gift from Okawaru
 10993 | D:12     | Reached XP level 12. HP: 2/76 MP: 12/12
 11914 | D:11     | Found a staircase to the Orcish Mines.
 11922 | D:11     | Reached skill level 14 in Short Blades
 11970 | D:11     | Reached skill level 10 in Fighting
 13306 | D:13     | Found Igusin's General Store.
 13329 | D:14     | Annihilated by a titanic slime creature

Illustrated notes

Levels and vault maps discovered:
D:1:      psy_arrival_basics, layout_rooms, serial_rivers,
          chequers_serial_rivers_micro_d, chequers_serial_rivers_micro_b,
          chequers_serial_rivers_micro_e, chequers_serial_rivers_room_b,
          chequers_serial_rivers_micro_b
D:2:      wander_river, layout_basic, grunt_temple_overflow_holy_war
D:3:      layout_rooms, chequers_ecumenical_altar_twisty, serial_curves,
          eino_curves_01, eino_curves_01, grunt_ministairs_9, uniq_ijyb
D:4:      layout_loops_corners, makhleb_grotto_becter, first_ration
D:5:      layout_loops_ring, lemuel_round_altar, minmay_temple_entry_ruins,
          st_stairs_7
D:6:      layout_loops_corners, amethyst_overflow_temple_binary, st_stairs_1,
          hex_tiny
D:7:      layout_cave_pools, gammafunk_ghost_abyssal_escape, serial_shops, shop,
          guppyfry_shop_venom
D:8:      layout_cave_pools
D:9:      layout_gridville, minmay_quadrilaterals
D:10:     layout_basic, erik_lair_orcish_takeover,
          hangedman_little_slice_of_home
D:11:     layout_basic, kennysheep_orc_monster_closet_entryway,
          serial_bayou_pond_a, abandoned_shop
D:12:     layout_loops_cross, minivault_5, minivault_23
D:13:     layout_rooms, serial_shops, kennysheep_mini
D:14:     layout_loops_ring, lightli_vaults_fourway_checkpoint,
          gauntlet_entry_generic, jmf_multi_god_temple, uniq_roxanne
Temple:   nicolae_temple_elliptical
Lair:1:   layout_hall_layers, chequers_serial_rivers_small_b,
          lemuel_old_faithful, infiniplex_staircase_pool_2,
          serial_bayou_shore_b, grunt_megastairs_5, uniq_joseph

Skill      XL: |  1  2  3  4  5  6  7  8  9 10 11 12 |
---------------+-------------------------------------+-----
Maces & Flails | 3 4 5 6 7 8 |  8.1
Fighting       | 4 5 6 7 9 10 | 10.6
Short Blades   | 2 6 9 11 13 14 | 14.0
Armour         | |  3.2
Shields        | |  3.2
Invocations    | |  0.3

Action                   |  1- 3 |  4- 6 |  7- 9 | 10-12 || total
-------------------------+-------+-------+-------+-------++-------
Melee: Flail             |   137 |   227 |    90 |   385 ||   839
       Rapier            |       |       |   217 |   379 ||   596
Throw: Stone             |     3 |    16 |       |       ||    19
       Javelin           |       |     2 |       |       ||     2
       Dart              |       |       |    36 |    14 ||    50
Invok: Heroism           |       |       |       |     2 ||     2
  Use: Scroll            |       |       |     5 |     5 ||    10
       Potion            |       |       |       |     4 ||     4
  Eat: Chunk             |     2 |     5 |    10 |    21 ||    38
       Ration            |       |       |       |     1 ||     1
Armor: Scale mail        |    98 |    32 |       |       ||   130
       Plate armour      |       |    87 |   196 |   447 ||   730
Dodge: Dodged            |    62 |    26 |    33 |    88 ||   209
Block: Kite shield       |    81 |   101 |   151 |   448 ||   781
       Reflection        |       |       |       |     6 ||     6
